 Dungeon Crawl Stone Soup version 0.31-a0-549-gf98fd537a9 (webtiles) character file.

Game seed: 1522725244716942426

142 AdnanSaban the Covered (level 5, -2/33 HPs)
             Began as a Gargoyle Fighter on Aug 16, 2023.
             Killed by divine providence
             ... invoked by an orc priest
              (10 damage)
             ... on level 4 of the Dungeon.
             The game lasted 00:01:44 (2438 turns).

AdnanSaban the Covered (Gargoyle Fighter)           Turns: 2438, Time: 00:01:45

Health: -2/33      AC: 12    Str: 22    XL:     5   Next: 24%
Magic:  5/5        EV:  9    Int:  8    God:
Gold:   162        SH:  4    Dex:  9    Spells: 4/4 levels left

rFire   . . .        a - +0 flail
rCold   . . .        c - +0 buckler
rNeg    + . .        b - +0 scale mail
rPois   ∞            (no helmet)
rElec   +            (no cloak)
rCorr   .            h - +0 pair of gloves
SInv    .            (no boots)
Will    .....        (no amulet) Stlth
                     (no ring)
HPRegen 0.25/turn    (no ring)
MPRegen 0.09/turn

%: no passive effects
@: no status effects
A: sickness immunity, AC +4, negative energy resistance 1, electricity
resistance, torment resistance 1, petrification resistance
a: no special abilities


You were on level 4 of the Dungeon.
You visited 1 branch of the dungeon, and saw 4 of its levels.

You collected 162 gold pieces.

Inventory:

Hand Weapons
 a - a +0 flail (weapon)
Missiles
 l - 9 poisoned darts
 p - 3 javelins
Armour
 b - a +0 scale mail (worn)
 c - a +0 buckler (worn)
 h - a +0 pair of gloves (worn)
Scrolls
 g - a scroll of immolation {unknown}
 j - 3 scrolls of silence {unknown}
 k - a scroll of teleportation {unknown}
 m - 2 scrolls of butterflies {unknown}
 n - a scroll of identify {unknown}
Potions
 d - a potion of might
 e - 2 potions of curing {unknown}
 f - 2 potions of mutation {unknown}
 i - 3 potions of lignification {unknown}
 o - a potion of berserk rage {unknown}
 q - a potion of heal wounds {unknown}


   Skills:
 + Level 3.8 Fighting
 + Level 3.5 Maces & Flails
 + Level 4.3 Armour
 + Level 1.0 Dodging
 + Level 3.7 Shields


You had 4 spell levels left.
You didn't know any spells.
Your spell library contained the following spells:

 Spells                   Type           Power      Damage    Failure   Level
 Ensorcelled Hibernation  Hex/Ice        0%         N/A       90%         2
 Passwall                 Tmut/Erth      0%         N/A       90%         2
 Swiftness                Air            0%         N/A       99%         3


Dungeon Overview and Level Annotations

Branches:
Dungeon (4/15)
 Temple: D:4-7

Altars:
Hepliaklqana

Annotations:
D:4 Scrael's ghost, amateur DsWr


Innate Abilities, Weirdness & Mutations

You are immune to sickness and miasma.
Your stone body is resilient. (AC +4)
You are immune to poison.
You resist negative energy. (rN+)
You are resistant to electric shocks. (rElec)
You are resistant to unholy torment.
You are immune to petrification.


Message History

You are too injured to fight recklessly!
You are too injured to fight recklessly!
You are too injured to fight recklessly!
You are too injured to fight recklessly!
You are too injured to fight recklessly!
You are too injured to fight recklessly!
You are too injured to fight recklessly!
You are too injured to fight recklessly!
You are too injured to fight recklessly!
You are too injured to fight recklessly!
You are too injured to fight recklessly!
You are too injured to fight recklessly!
You are too injured to fight recklessly!
You are too injured to fight recklessly!
You are too injured to fight recklessly!
You barely miss the orc. The orc hits you but does no damage.
You hit the orc.
The orc is heavily wounded.
You block the orc's attack.
The orc priest begins to cast a cantrip, but forgets the words!
You barely miss the orc.
The orc is heavily wounded.
The orc hits you with a +0 mace.
The orc priest calls upon Beogh to heal the orc.
The orc's wounds heal themselves!
You hit the orc but do no damage. The orc hits you with a +0 mace.
* * * LOW HITPOINT WARNING * * *
The orc hits you but does no damage.
You hit the orc.
The orc is heavily wounded.
You block the orc's attack.
You barely miss the orc.
The orc is heavily wounded.
You block the orc's attack.
You closely miss the orc.
The orc is heavily wounded.
You block the orc's attack. The orc hits you but does no damage.
The orc priest invokes the aid of Beogh against you.
Beogh smites you!
You die...

#......#
#......# ###
####..## .r.#
#.## #..# #.#
#..# #.#
#..##.#
#..#r##########
#oJooo@)......
#..############
#..# #..# #.o#
...# ###


You could see an orc priest, 3 orcs, an endoplasm and a quokka.

Vanquished Creatures
  An orc priest (D:3)
  Terence (D:3)
  An adder (D:4)
  A worm (D:2)
  6 orcs
  7 endoplasms
  A giant cockroach (D:1)
  6 hobgoblins
  7 jackals (D:4)
  3 quokkas
  6 ball pythons
  6 bats
  7 frilled lizards
  4 goblins
  5 kobolds
  6 rats
68 creatures vanquished.

Notes
Turn   | Place    | Note
-------+----------+-------------------------------------------
     0 | D:1      | AdnanSaban the Gargoyle Fighter began the quest for the
                  | Orb.
     0 | D:1      | Reached XP level 1. HP: 14/14 MP: 1/1
   253 | D:1      | Reached XP level 2. HP: 19/19 MP: 2/2
   822 | D:2      | Reached XP level 3. HP: 20/23 MP: 3/3
   880 | D:2      | Reached skill level 4 in Armour
  1517 | D:3      | Identified the +0 leather armour of Imperfection {rPois
                  | Dex-2 SInv}
  1598 | D:3      | Reached XP level 4. HP: 7/28 MP: 4/4
  1770 | D:3      | Noticed Terence
  1781 | D:3      | Killed Terence
  2038 | D:3      | Found a hazy altar of Hepliaklqana.
  2287 | D:4      | Noticed a scorpion
  2288 | D:4      | Noticed Scrael's ghost (amateur DsWr)
  2304 | D:4      | Reached XP level 5. HP: 33/33 MP: 5/5
  2413 | D:4      | Reached skill level 1 in Dodging
  2438 | D:4      | Killed from afar by an orc priest

Illustrated notes

Levels and vault maps discovered:
D:1:      minmay_arrival_doors, layout_loops_cross, nrook_mini_vaults,
          chequers_serial_rivers_large_a, minmay_liquid_box
D:2:      layout_loops_ring
D:3:      layout_loops_cross, marbit_many_paths, minmay_misc_feat_diagonals,
          kennysheep_generic_room_3, uniq_terence
D:4:      minmay_diamond_boxcup, layout_basic, gammafunk_ghost_arena,
          minmay_misc_feat_iff, nicolae_figureground_sparkle, uniq_natasha

Skill      XL: |  1  2  3  4  5 |
---------------+----------------+-----
Armour         | 4 |  4.3
Maces & Flails | 3 |  3.5
Dodging        | 1 |  1.0
Fighting       | |  3.8
Shields        | |  3.7

Action                     |  1- 3 |  4- 6 || total
---------------------------+-------+-------++-------
  Melee: Flail             |   133 |   109 ||   242
 Armour: Scale mail        |    73 |    91 ||   164
  Dodge: Dodged            |    70 |    71 ||   141
  Block: Buckler           |    28 |    39 ||    67

Table legend: (Time is in decaauts)
 A = Elapsed time spent in this place.
 B = Non-inter-level travel time spent in this place.
 C = Inter-level travel time spent in this place.
 D = Time resting spent in this place.
 E = Time spent auto-exploring this place.
 F = Levels seen in this place.
 G = Mean time per level.
                   A        B        C        D        E       F      G
               +--------+--------+--------+--------+--------+-----+--------+
         Total |   2524 |   2451 |     73 |      0 |   1934 |   4 |  631.0 |
       Dungeon |   2524 |   2451 |     73 |      0 |   1934 |   4 |  631.0 |
               +--------+--------+--------+--------+--------+-----+--------+

Top non-repeatable levels by time:
     D:3: 838 daAuts
     D:1: 782 daAuts
     D:2: 704 daAuts
     D:4: 198 daAuts
